 Dungeon Crawl Stone Soup version 0.19-a0-1128-gc4a0c12 (webtiles) character file.

261 Jmtri7 the Ducker (level 5, -5/38 HPs)
             Began as a Demonspawn Gladiator on Aug 12, 2016.
             Was an Initiate of Gozag.
             Slain by an ogre
             ... wielding a +0 giant club
              (12 damage)
             ... on level 4 of the Dungeon.
             The game lasted 00:07:25 (2840 turns).

Jmtri7 the Ducker (Demonspawn Gladiator)            Turns: 2840, Time: 00:07:25

Health: -5/38      AC:  5    Str: 15    XL:     5   Next: 96%
Magic:  0/5        EV: 16    Int:  9    God:    Gozag
Gold:   221        SH:  0    Dex: 15    Spells: 0 memorised, 4 levels left

rFire  + . .     SeeInvis .     a - +0 long sword
rCold  . . .     Gourm    .     j - +0 robe
rNeg   . . .     Faith    .     (no shield)
rPois  .         Spirit   +     c - +0 helmet
rElec  .         Dismiss  .     (no cloak)
rCorr  .         Reflect  .     s - +1 pair of gloves
SustAt .         Harm     .     (no boots)
MR     .....                    g - amulet of guardian spirit
Stlth  +.........               (no ring)
                                (no ring)

@:
A: talons 1, fire resistance 1, flame cloud immunity
a: Potion Petition, Call Merchant, Bribe Branch, Renounce Religion


You were on level 4 of the Dungeon.
You worshipped Gozag.
Gozag was aware of your devotion.
You were near starving.

You visited 2 branches of the dungeon, and saw 5 of its levels.

You collected 325 gold pieces.
You paid 104 gold pieces to Gozag.

Inventory:

Hand Weapons
 a - a +0 long sword (weapon)
Missiles
 d - 3 throwing nets (quivered)
Armour
 c - a +0 helmet (worn)
 j - a +0 robe (worn)
 s - a +1 pair of gloves (worn)
Jewellery
 g - an amulet of guardian spirit (around neck)
Scrolls
 b - 3 scrolls of identify {unknown}
 e - 2 scrolls of recharging {unknown}
 o - a scroll of teleportation {unknown}
Potions
 m - a potion of ambrosia {unknown}
 p - a potion of mutation {unknown}
 q - 3 potions of heal wounds {unknown}
 r - 2 potions of degeneration {unknown}
Comestibles
 f - 4 bread rations
 h - 2 royal jellies
 i - a slice of pizza
 k - a beef jerky
 l - a meat ration


   Skills:
 - Level 2.0 Fighting
 - Level 2.6 Long Blades
 - Level 1.7 Throwing
 + Level 6.1 Dodging


You had 4 spell levels left.
You didn't know any spells.

Dungeon Overview and Level Annotations

Branches:
Dungeon (4/15)             Temple (1/1) D:4

Altars:
Dithmenos
Gozag
Qazlal
Vehumet
Yredelemnul


Innate Abilities, Weirdness & Mutations

You have sharp toenails.
Your flesh is heat resistant. (rF+)
You are immune to clouds of flame.


Message History

An adder comes into view.
The ogre hits you with a giant club!
You hit the ogre.
The ogre is lightly wounded.
The ogre hits you with a giant club!
* * * LOW HITPOINT WARNING * * *
You hit the ogre. You claw the ogre, but do no damage.
The ogre is lightly wounded.
The ogre misses you.
You riposte.
You barely miss the ogre. You claw the ogre, but do no damage.
The ogre is lightly wounded.
There is an open door here.
Items here: )))) [[
There is a stone staircase leading down here.
There is an open door here.
The ogre closely misses you.
You riposte.
You slash the ogre!
The ogre is moderately wounded.
You open the door. The ogre hits you with a giant club!
You die...
Your body crumbles into a pile of gold.

##.########.........#
....................#
...............>###'######+###
#.........#.####.............#
#.#.###...#.# #.............#
#.#.# #...#.# #.............#
#.#.# #...#.# #............)#
#[#.# ....#.####.O...........#
..#.#.#...#.#..'@............#
..#.#.#.....#.##.............#
..#.# ....###.##.............#
..# #.# #.#########.###### ..#
#.#.# #.# #.# ..#. #.#.#
#.##### #.# ..#..
#.#.###.#...# #.#
..##.##.......#.#.# #.#
..##............#.# #.#


You could see an ogre.

Vanquished Creatures
  A scorpion (D:4)
  A giant frog skeleton (D:4)
  An orc wizard (D:4)
  A hound zombie (D:3)
  4 adders
  An ooze (D:1)
  2 worms
  4 dart slugs
  8 orcs
  4 giant cockroaches
  9 goblins
  9 hobgoblins
  13 jackals
  A quokka (D:2)
  9 bats
  4 giant newts
  5 kobolds
  8 rats
85 creatures vanquished.

Notes
Turn   | Place    | Note
-------+----------+-------------------------------------------
     0 | D:1      | Jmtri7 the Demonspawn Gladiator began the quest for the Orb.
     0 | D:1      | Reached XP level 1. HP: 16/16 MP: 1/1
    40 | D:1      | Reached skill level 3 in Dodging
    95 | D:1      | Gained mutation: Your flesh is heat resistant. (rF+) [demonic ancestry]
    95 | D:1      | Reached XP level 2. HP: 17/22 MP: 2/2
   353 | D:1      | Gained mutation: You are immune to clouds of flame. [demonic ancestry]
   353 | D:1      | Reached XP level 3. HP: 27/27 MP: 3/3
   530 | D:2      | Reached skill level 4 in Dodging
   874 | D:2      | Found a faded altar of an unknown god.
  1135 | D:2      | Gained mutation: You have sharp toenails. [demonic ancestry]
  1135 | D:2      | Reached XP level 4. HP: 20/33 MP: 4/4
  1523 | D:3      | Reached skill level 5 in Dodging
  1846 | D:3      | Reached XP level 5. HP: 38/38 MP: 5/5
  2233 | D:4      | Found a staircase to the Ecumenical Temple.
  2261 | Temple   | Entered the Ecumenical Temple
  2266 | Temple   | Became a worshipper of Gozag Ym Sagoz the Greedy
  2569 | D:4      | Reached skill level 6 in Dodging
  2787 | D:4      | Noticed an ogre
  2791 | D:4      | HP: 1/38 [ogre/giant club (16)]
  2840 | D:4      | Slain by an ogre

Vault maps used:
D:1:      ncdulo_lavacross
D:2:      ecumenical_altar_2, minmay_fountain_box
D:3:      minivault_4
D:4:      serial_shops, shop, first_bread
Temple:   regret_index_temple_chain_breaker

Skill      XL: |  1  2  3  4  5 |
---------------+----------------+-----
Dodging        | 3 4 5 6 |  6.1
Fighting       | |  2.0
Long Blades    | |  2.6
Throwing       | |  1.7

Action                   |  1- 3 |  4- 6 || total
-------------------------+-------+-------++-------
Melee: Long sword        |   171 |   248 ||   419
       Kick              |       |    70 ||    70
  Use: Potion            |     1 |     1 ||     2
 Stab: Sleeping          |     1 |     1 ||     2
  Eat: Chunk             |     2 |     4 ||     6
Armor: Leather armour    |    36 |     8 ||    44
       Robe              |       |    33 ||    33
Dodge: Dodged            |   113 |   162 ||   275
